 Dungeon Crawl Stone Soup version 0.28-a0-1555-g9ae15a6949 (webtiles) character file.

Game seed: 8007868276706448825

27 Shayle the Grasshopper (level 2, -3/23 HPs)
             Began as a Demonspawn Warper on Jan 18, 2022.
             Slain by a worm (10 damage)
             ... on level 2 of the Dungeon.
             The game lasted 00:02:10 (1493 turns).

Shayle the Grasshopper (Demonspawn Warper)          Turns: 1493, Time: 00:02:10

Health: -3/23      AC:  4    Str: 11    XL:     2   Next: 93%
Magic:  5/5        EV: 11    Int: 14    God:
Gold:   56         SH:  0    Dex: 12    Spells: 5/5 levels left

rFire   . . .      SeeInvis .   g - +0 dire flail
rCold   . . .      Faith    .   (shield currently unavailable)
rNeg    . . .      Spirit   .   a - +0 leather armour
rPois   .          Reflect  .   e - +0 helmet
rElec   .          Harm     .   (no cloak)
rCorr   .          Rampage  .   (no gloves)
Will    .....                   (no boots)
Stlth   +.........              (no amulet)
HPRegen 0.07/turn               (no ring)
MPRegen 0.09/turn               (no ring)

@: no status effects
A: foul stench 1
a: no special abilities


You were on level 2 of the Dungeon.
You visited 1 branch of the dungeon, and saw 2 of its levels.

You collected 56 gold pieces.

Inventory:

Hand Weapons
 g - a +0 dire flail (weapon)
Missiles
 c - a boomerang of dispersal (quivered)
Armour
 a - a +0 leather armour (worn)
 e - a +0 helmet (worn)
Scrolls
 b - 2 scrolls of blinking
 d - 3 scrolls of identify {unknown}
Potions
 f - a potion of brilliance {unknown}


   Skills:
 + Level 2.3 Fighting
 - Level 0.8 Throwing
 - Level 0.8 Armour
 + Level 2.2 Dodging
 - Level 1.7 Unarmed Combat
 + Level 2.3 Spellcasting
 + Level 3.0 Translocations


You had 5 spell levels left.
You didn't know any spells.
Your spell library contained the following spells:

 Spells                   Type           Power      Damage    Failure   Level
 Blink                    Tloc           20%        N/A       13%         2
 Gell's Gravitas          Tloc           10%        N/A       26%         3
 Lesser Beckoning         Tloc           10%        N/A       26%         3
 Teleport Other           Tloc           10%        N/A       26%         3
 Manifold Assault         Tloc           10%        N/A       94%         5


Dungeon Overview and Level Annotations

Branches:
Dungeon (2/15)

Altars:


Innate Abilities, Weirdness & Mutations

You may rarely emit foul miasma when damaged in melee.


Message History

The kobold hits you with a +0 short sword.
You hit the kobold.
The kobold is severely wounded.
The kobold barely misses you.
You hit the kobold.
You kill the kobold!
You see here a +0 short sword.
Done exploring.
Done exploring.
(D) Dungeon
Where to? (? - help)
There is a stone staircase leading down here.
You climb downwards.
Found a dire flail.
Found a stone staircase leading down.
There is a stone staircase leading up here.
A worm comes into view.
Found 5 gold pieces.
You see here a +0 dire flail.
g - a +0 dire flail
There is a stone staircase leading up here.
There is a stone staircase leading up here.
g - a +0 dire flail (weapon)
You barely miss the worm. The worm bites you!
You hit the worm but do no damage. The worm closely misses you.
You barely miss the worm. You hit the worm.
The worm is lightly wounded.
The worm bites you!
You barely miss the worm.
The worm is lightly wounded.
The worm barely misses you.
You hit the worm.
The worm is moderately wounded.
The worm bites you.
You hit the worm but do no damage.
The worm is moderately wounded.
You hit the worm.
The worm is heavily wounded.
The worm bites you!
You die...

### ##.######
#######........
...........#####.
.......@w.>......
########.#.......
#.#.###.#$ #.#.#
#.#w# #.#.. .....
#.#.#


You could see a worm.

Vanquished Creatures
  A dart slug (D:1)
  2 giant cockroaches (D:1)
  A goblin (D:1)
  2 hobgoblins (D:1)
  3 jackals (D:1)
  4 kobolds (D:1)
  A quokka (D:1)
  3 bats (D:1)
  3 frilled lizards (D:1)
  2 rats (D:1)
22 creatures vanquished.

Notes
Turn   | Place    | Note
-------+----------+-------------------------------------------
     0 | D:1      | Shayle the Demonspawn Warper began the quest for the Orb.
     0 | D:1      | Reached XP level 1. HP: 16/16 MP: 3/3
   148 | D:1      | Found a faded altar of an unknown god.
   188 | D:1      | Gained mutation: You may rarely emit foul miasma when
                  | damaged in melee. [demonic ancestry]
   188 | D:1      | Reached XP level 2. HP: 5/22 MP: 5/5
   820 | D:1      | Reached skill level 3 in Translocations
  1493 | D:2      | Slain by a worm

Illustrated notes

Levels and vault maps discovered:
D:1:      mrwooster_arrival_statue, layout_basic,
          hellmonk_ecumenical_altar_run_dry
D:2:      layout_loops_ring, basic_altar

Skill      XL: |  1  2 |
---------------+-------+-----
Dodging        | 2 |  2.2
Translocations | 3 |  3.0
Fighting       | |  2.3
Throwing       | |  0.8
Armour         | |  0.8
Unarmed Combat | |  1.7
Spellcasting   | |  2.3

Action                   || total
-------------------------++-------
Melee: Unarmed           ||   118
       Dire flail        ||     8
       Punch             ||     1
Throw: Boomerang         ||     4
Armor: Leather armour    ||    30
Dodge: Dodged            ||    62

Table legend: (Time is in decaauts)
 A = Elapsed time spent in this place.
 B = Non-inter-level travel time spent in this place.
 C = Inter-level travel time spent in this place.
 D = Time resting spent in this place.
 E = Time spent auto-exploring this place.
 F = Levels seen in this place.
 G = Mean time per level.
                   A        B        C        D        E       F      G
               +--------+--------+--------+--------+--------+-----+--------+
         Total |   1490 |   1468 |     22 |    406 |    767 |   2 |  745.0 |
       Dungeon |   1490 |   1468 |     22 |    406 |    767 |   2 |  745.0 |
               +--------+--------+--------+--------+--------+-----+--------+

Top non-repeatable levels by time:
     D:1: 1470 daAuts
     D:2: 20 daAuts
